 Dungeon Crawl Stone Soup version 0.21-a0-538-gd16b88a (webtiles) character file.

32 slep the Chopper (level 3, 0/28 HPs)
             Began as a Demonspawn Gladiator on Dec 16, 2017.
             Slain by an adder (1 damage)
             ... on level 2 of the Dungeon.
             The game lasted 00:01:56 (921 turns).

slep the Chopper (Demonspawn Gladiator)              Turns: 921, Time: 00:01:57

Health: 0/28       AC:  4    Str: 14    XL:     3   Next: 8%
Magic:  0/3        EV: 13    Int:  9    God:
Gold:   62         SH:  0    Dex: 15    Spells: 2/2 levels left

rFire    . . .     SeeInvis .   a - +0 war axe
rCold    . . .     Gourm    .   (no shield)
rNeg     . . .     Faith    .   b - +0 leather armour
rPois    .         Spirit   +   c - +0 helmet
rElec    .         Reflect  .   (no cloak)
rCorr    .         Harm     .   (no gloves)
MR       .....                  (no boots)
Stlth    +.........             h - amulet of guardian spirit
HPRegen  0.09/turn              (no ring)
MPRegen  0.08/turn              (no ring)

@: lethally poisoned (0 -> -5)
A: claws 1
a: no special abilities


You were on level 2 of the Dungeon.
You were not hungry.

You visited 1 branch of the dungeon, and saw 2 of its levels.

You collected 62 gold pieces.

Inventory:

Hand Weapons
 a - a +0 war axe (weapon)
Missiles
 d - 3 throwing nets (quivered)
Armour
 b - a +0 leather armour (worn)
 c - a +0 helmet (worn)
Jewellery
 h - an amulet of guardian spirit (around neck)
Scrolls
 e - a scroll of random uselessness {unknown}
 j - 3 scrolls of teleportation {unknown}
 k - a scroll of blinking {unknown}
 m - a scroll of fear {unknown}
Potions
 i - a potion of lignification {unknown}
 l - a potion of heal wounds {unknown}
Comestibles
 f - 2 bread rations
 g - a meat ration


   Skills:
 + Level 2.4 Fighting
 + Level 3.2 Axes
 + Level 1.7 Throwing
 + Level 0.7 Armour
 + Level 2.8 Dodging


You had 2 spell levels left.
You didn't know any spells.

Dungeon Overview and Level Annotations

Branches:
Dungeon (2/15)

Altars:


Innate Abilities, Weirdness & Mutations

You have sharp fingernails.


Message History

The adder closely misses you. The kobold barely misses you.
You miss the adder.
The adder is almost dead.
You barely miss the kobold. The adder misses you. The adder bites you.
* * * LOW HITPOINT WARNING * * *
The kobold hits you but does no damage.
You barely miss the adder.
The adder is almost dead.
You barely miss the kobold.
* * * LOW HITPOINT WARNING * * *
You feel sick. The adder misses you. The kobold closely misses you.
The adder bites you.
* * * LOW HITPOINT WARNING * * *
You miss the adder.
The adder is almost dead.
You hit the kobold but do no damage.
* * * LOW HITPOINT WARNING * * *
You feel sick. The kobold barely misses you. The adder closely misses you.
The adder bites you.
You die...

# ## #. .#
#####$###.#
......S.#.#
#.#@#.#
#.K...#
###.### #.#
##.# #..#
#.## #)#
#<#


You could see an adder and a kobold.

Vanquished Creatures
  An adder (D:2)
  A dart slug (D:1)
  5 bats (D:1)
  2 giant cockroaches (D:1)
  4 goblins
  2 kobolds (D:1)
  A ball python (D:1)
  2 frilled lizards (D:1)
  3 rats (D:1)
21 creatures vanquished.

Notes
Turn   | Place    | Note
-------+----------+-------------------------------------------
     0 | D:1      | slep the Demonspawn Gladiator began the quest for the Orb.
     0 | D:1      | Reached XP level 1. HP: 16/16 MP: 1/1
   372 | D:1      | Gained mutation: You have sharp fingernails. [demonic ancestry]
   372 | D:1      | Reached XP level 2. HP: 20/22 MP: 2/2
   397 | D:1      | Reached skill level 3 in Axes
   898 | D:2      | Reached XP level 3. HP: 25/28 MP: 3/3
   921 | D:2      | HP: 1/28 [poisoned by an adder]
   921 | D:2      | Slain by an adder

Vault maps used:
D:1:      saegor_arrival_simple_f, dk_noncrumbling_4
D:2:      nicolae_overflow_hidden_temple, fiery_altar_vehumet, first_bread,
          minmay_tiny_reverse_x, uniq_sigmund, uniq_natasha

Skill      XL: |  1  2 |
---------------+-------+-----
Axes           | 3 |  3.2
Fighting       | |  2.4
Throwing       | |  1.7
Armour         | |  0.7
Dodging        | |  2.8

Action                   || total
-------------------------++-------
Melee: War axe           ||    65
 Stab: Sleeping          ||     2
Armor: Leather armour    ||    23
Dodge: Dodged            ||    67

Table legend:
 A = Spawn XP
 B = Non-spawn XP
 C = Spawn XP percentage of total XP
 D = Spawn monster count
 E = Non-spawn monster count
 F = Spawn count percentage of total count
 G = Total turns spent on level
                    A         B        C        D         E        F      G
               +---------+---------+-------+---------+---------+-------+---------
         Total |       0 |      46 |   0.0 |       0 |      21 |   0.0 |   921
               +---------+---------+-------+---------+---------+-------+---------
           D:1 |       0 |      31 |   0.0 |       0 |      19 |   0.0 |   892
           D:2 |       0 |      15 |   0.0 |       0 |       2 |   0.0 |    29
               +---------+---------+-------+---------+---------+-------+---------
